 Dungeon Crawl Stone Soup version 0.22.1-1-ga44c0e5 (webtiles) character file.

604 amgonnakillyou the Summoner (level 7, -1/47 HPs)
             Began as a Barachi Summoner on Sept 24, 2018.
             Was an Initiate of Elyvilon (penitent).
             Slain by an ice beast (5 damage)
             ... summoned by the player character
             ... in the Ecumenical Temple.
             The game lasted 01:16:01 (5124 turns).

amgonnakillyou the Summoner (Barachi Summoner)      Turns: 5124, Time: 01:16:02

Health: -1/47      AC:  3    Str: 10    XL:     7   Next: 42%
Magic:  3/12       EV: 12    Int: 17    God:    Elyvilon [*]
Gold:   260        SH:  0    Dex: 12    Spells: 0/13 levels left

rFire    + . .     SeeInvis .   C - +0 shortbow
rCold    + . .     Gourm    .   (shield currently unavailable)
rNeg     . . .     Faith    .   a - +1 robe
rPois    .         Spirit   .   (no helmet)
rElec    .         Reflect  .   m - scarf {rC+ rF+}
rCorr    .         Harm     .   (no gloves)
MR       .....                  (no boots)
Stlth    ++........             i - amulet of regeneration
HPRegen  0.55/turn              (no ring)
MPRegen  0.13/turn              (no ring)

@: can't hop, very slightly contaminated, slow
A: +LOS, swims, slowness 1, strong legs 1
a: Hop, Renounce Religion


You were in the Ecumenical Temple.
You worshipped Elyvilon.
Elyvilon was demanding penance.
You were not hungry.

You visited 2 branches of the dungeon, and saw 7 of its levels.
You also visited: Ossuary.

You collected 316 gold pieces.
You spent 56 gold pieces at shops.

Inventory:

Hand Weapons
 e - a +0 hunting sling
 s - a +1 scythe of venom
 C - a +0 shortbow (weapon)
 E - a +1 vampiric war axe
Missiles
 f - 96 bolts
 g - 73 stones
 k - 133 arrows (quivered)
 x - 80 sling bullets
 y - 6 tomahawks
 z - 3 javelins
Armour
 a - a +1 robe (worn)
 m - a scarf of resistance (worn)
Jewellery
 i - an amulet of regeneration (around neck)
 D - a cursed ring of teleportation
Wands
 n - a wand of digging (16)
Scrolls
 o - 3 scrolls of remove curse
 r - 2 scrolls of amnesia {unknown}
 v - a scroll of noise {unknown}
 w - a scroll of blinking {unknown}
 A - 2 scrolls of teleportation {unknown}
 B - 8 scrolls of identify
Potions
 b - 2 potions of degeneration
 d - 3 potions of curing
 h - a potion of flight {unknown}
 j - a potion of cancellation
 l - a potion of brilliance {unknown}
 p - a potion of berserk rage {unknown}
 q - a potion of ambrosia {unknown}
 t - a potion of heal wounds
 u - a potion of mutation {unknown}
Comestibles
 c - 12 rations


   Skills:
 - Level 0.6 Fighting
 - Level 0.6 Slings
 - Level 2.1 Dodging
 + Level 3.7 Stealth
 - Level 3.5 Spellcasting
 + Level 8.9 Summonings
 * Level 0.0 Ice Magic


You couldn't memorise any spells.
You knew the following spells:

 Your Spells              Type           Power        Failure   Level  Hunger
a - Summon Small Mammal   Summ           ####         1%          1    None
e - Call Canine Familiar  Summ           ####....     1%          3    ###....
r - Summon Ice Beast      Ice/Summ       ###.....     26%         4    ####...
t - Summon Guardian Gole  Hex/Summ       ###.....     8%          3    ###....
z - Call Imp              Summ           ####....     1%          2    ##.....

Your spell library contained the following spells:

 Spells                   Type           Power        Failure   Level  Hunger
 Summon Lightning Spire   Summ/Air       ###.....     26%         4    ####...


Dungeon Overview and Level Annotations

Branches:
Dungeon (6/15)             Temple (1/1) D:6

Altars:
Cheibriados
Dithmenos
Elyvilon
Fedhas
Gozag
Hepliaklqana
Kikubaaqudgha
Makhleb
Nemelex Xobeh
Okawaru
Qazlal
Sif Muna
Trog
Uskayaw
Vehumet
Wu Jian
Xom
Zin

Shops:
D:4 ?

Annotations:
D:5 2 runed doors, Razmath's ghost, amateur DsWr
D:6 Pikel


Innate Abilities, Weirdness & Mutations

Shadows flee at your approach. (+LOS)
You can swim through water.
You cover ground slowly.
You can hop short distances.


Message History

The ice beast barely misses you.
Your ice beast hits the slave but does no damage.
The ice beast hits you.
* * * LOW HITPOINT WARNING * * *
The ice beast freezes you! You resist.
* * * LOW HITPOINT WARNING * * *
Your ice beast hits the ice beast but does no damage.
The ice beast closely misses you.
Your ice beast hits the ice beast but does no damage.
Things that are here:
an arrow; an animal skin You swap places.
The slave closely misses your ice beast.
The ice beast hits your ice beast but does no damage.
Your ice beast hits the ice beast but does no damage.
The slave closely misses your ice beast.
The ice beast hits you.
* * * LOW HITPOINT WARNING * * *
The ice beast freezes you. You resist.
You die...

##≈≈≈≈≈≈≈≈≈≈≈≈...≈≈≈...≈≈≈≈≈≈≈≈≈≈
##≈≈≈≈≈≈≈≈≈≈≈...≈≈≈≈≈...≈≈≈≈≈≈≈≈≈
##≈≈≈≈≈≈≈≈≈≈...≈≈...≈≈...≈≈≈≈≈≈≈≈
##≈≈≈≈≈≈≈≈≈≈......_......≈≈≈≈≈≈≈≈
##≈≈≈≈≈≈≈≈≈.._........._..≈≈≈≈≈≈≈
##≈≈≈≈≈≈≈≈≈≈.......≈≈≈...≈≈≈≈≈≈≈≈
##≈≈≈≈≈≈≈≈≈≈≈≈≈...≈≈≈≈≈≈≈≈≈≈≈≈≈≈≈
##≈≈≈≈≈≈≈≈≈≈≈≈pY.≈≈≈≈≈≈≈≈≈≈≈≈≈≈≈≈
##≈≈≈≈≈≈≈≈≈≈≈..Y@≈≈≈≈≈≈≈≈≈≈≈≈≈≈≈≈
##≈≈≈≈≈≈≈≈≈≈≈...≈≈≈≈≈≈≈≈≈≈≈≈≈≈≈≈≈
##≈≈≈≈≈≈≈≈≈≈≈≈...≈≈≈≈≈≈≈≈≈≈≈≈≈≈≈≈
##≈≈≈≈≈≈≈≈≈≈≈≈≈(..≈≈≈≈≈≈≈≈≈≈≈≈≈≈≈
##≈≈≈≈≈≈≈≈≈≈≈...........≈≈≈≈≈≈≈≈≈
##≈≈≈≈≈≈≈≈≈≈..8...<...8..≈≈≈≈≈≈≈≈
##≈≈≈≈≈≈≈≈≈≈≈...........≈≈≈≈≈≈≈≈≈
##≈≈≈≈≈≈≈≈≈≈≈≈≈≈≈≈≈...≈≈≈≈≈≈≈≈≈≈≈
##≈≈≈≈≈≈≈≈≈≈≈≈≈≈≈≈≈≈...≈≈≈≈≈≈≈≈≈≈


You could see an ice beast, a slave and a friendly ice beast.

Vanquished Creatures
  A slave (Temple)
  A quokka (D:2)
  A leopard gecko skeleton (D:6)
3 creatures vanquished.

Vanquished Creatures (collateral kills)
  Grinder (D:5)
  Sigmund (D:2)
  2 centaurs
  3 scorpions
  A howler monkey (D:5)
  A bullfrog zombie (D:5)
  A bullfrog skeleton (D:5)
  An orc priest (D:4)
  2 orc wizards (D:4)
  An iguana (D:4)
  5 worker ants
  Natasha (twice) (D:2)
  2 hound skeletons
  4 adders
  2 adder skeletons (D:4)
  A worm (D:4)
  2 dart slugs (D:3)
  2 leopard geckos
  3 orcs
  3 ball pythons
  4 bats
  4 giant cockroaches
  7 goblins
  10 hobgoblins
  2 jackals (D:5)
  3 quokkas
  3 frilled lizards
  2 kobolds
  2 leopard gecko skeletons
  7 rats
84 creatures vanquished.

Grand Total: 87 creatures vanquished

Notes
Turn   | Place    | Note
-------+----------+-------------------------------------------
     0 | D:1      | amgonnakillyou the Barachi Summoner began the quest for the
                  | Orb.
     0 | D:1      | Reached XP level 1. HP: 13/13 MP: 3/3
   188 | D:1      | Reached skill level 5 in Summonings
   362 | D:1      | Reached XP level 2. HP: 18/19 MP: 0/5
   408 | D:1      | Learned a level 2 spell: Call Imp
  1130 | D:2      | Noticed Natasha
  1136 | D:2      | Killed Natasha
  1136 | D:2      | Reached XP level 3. HP: 25/25 MP: 2/7
  1223 | D:2      | Learned a level 3 spell: Call Canine Familiar
  1291 | D:2      | Noticed Sigmund
  1307 | D:2      | Killed Sigmund
  1307 | D:2      | Reached skill level 6 in Summonings
  1307 | D:2      | Reached XP level 4. HP: 31/31 MP: 2/9
  1513 | D:2      | Noticed Natasha
  1535 | D:2      | Killed Natasha
  1535 | D:2      | Reached XP level 5. HP: 36/36 MP: 2/10
  1639 | D:2      | Found a glowing silver altar of Zin.
  2295 | D:3      | Learned a level 3 spell: Summon Guardian Golem
  2381 | D:3      | You fall through a shaft!
  2488 | D:4      | Reached skill level 7 in Summonings
  2655 | D:4      | Reached XP level 6. HP: 41/42 MP: 0/11
  2875 | D:4      | Found Nisut's Magic Scroll Emporium.
  2903 | D:4      | Bought a scroll of identify for 28 gold pieces
  2903 | D:4      | Bought a scroll of identify for 28 gold pieces
  3560 | D:5      | Entered Level 5 of the Dungeon
  3604 | D:5      | Found a runed door.
  3607 | D:5      | Noticed Razmath's ghost (amateur DsWr)
  3678 | D:5      | Noticed Grinder
  3698 | D:5      | Killed Grinder
  3698 | D:5      | Reached skill level 8 in Summonings
  3698 | D:5      | Reached XP level 7. HP: 47/47 MP: 1/12
  3704 | D:5      | Learned a level 4 spell: Summon Ice Beast
  3867 | D:5      | Found a sand-covered staircase.
  3877 | Ossuary  | Entered an ossuary
  4097 | D:5      | Found a snail-covered altar of Cheibriados.
  4178 | D:5      | Found a runed door.
  4379 | D:5      | Found a hazy altar of Hepliaklqana.
  4405 | D:5      | Found an ancient bone altar of Kikubaaqudgha.
  4661 | D:6      | Found a staircase to the Ecumenical Temple.
  4683 | Temple   | Entered the Ecumenical Temple
  4783 | Temple   | Became a worshipper of Elyvilon the Healer
  5001 | D:6      | Noticed Pikel
  5113 | Temple   | Was placed under penance by Elyvilon
  5124 | Temple   | Slain by an ice beast

Skill      XL: |  1  2  3  4  5  6 |
---------------+-------------------+-----
Summonings     | 5 6 7 8 |  8.9
Spellcasting   | 3 |  3.5
Stealth        | 2 3 |  3.7
Fighting       | |  0.6
Slings         | |  0.6
Dodging        | |  2.1

Action                   |  1- 3 |  4- 6 |  7- 9 || total
-------------------------+-------+-------+-------++-------
Melee: Unarmed           |     1 |       |       ||     1
       Hunting sling     |       |     3 |       ||     3
 Fire: Hunting sling     |     7 |     8 |       ||    15
       Shortbow          |       |       |    12 ||    12
 Cast: Summon Small Mamm |    37 |    12 |     4 ||    53
       Call Imp          |    12 |    35 |     4 ||    51
       Call Canine Famil |     1 |    26 |     8 ||    35
       Summon Guardian G |       |     6 |       ||     6
       Summon Ice Beast  |       |       |     8 ||     8
 Abil: Hop               |     3 |     4 |     4 ||    11
  Use: Scroll            |     2 |     2 |     1 ||     5
       Potion            |       |     4 |       ||     4
  Eat: Chunk             |     3 |    10 |     2 ||    15
       Ration            |       |     1 |     2 ||     3
Armor: Robe              |    21 |    15 |     6 ||    42
Dodge: Dodged            |    27 |    39 |    30 ||    96
